 Dungeon Crawl Stone Soup version 0.30-a0-365-ge7f957f1db (webtiles) character file.

Game seed: 4269070916310574561

30 tbh1313 the Shield-Bearer (level 3, -2/31 HPs)
             Began as a Minotaur Fighter on Nov 17, 2022.
             Slain by a gnoll
             ... wielding a +0 whip
              (6 damage)
             ... on level 2 of the Dungeon.
             The game lasted 00:01:25 (734 turns).

tbh1313 the Shield-Bearer (Minotaur Fighter)         Turns: 734, Time: 00:01:26

Health: -2/31      AC:  8    Str: 22    XL:     3   Next: 3%
Magic:  2/2        EV:  9    Int:  5    God:
Gold:   87         SH:  4    Dex:  9    Spells: 2/2 levels left

rFire   . . .      SeeInvis .    a - +0 war axe
rCold   . . .      Faith    .    c - +0 buckler
rNeg    . . .      Spirit   .    b - +0 scale mail
rPois   .          Reflect  .    (helmet restricted)
rElec   .          Harm     .    (no cloak)
rCorr   .          Rampage  .    (no gloves)
Will    .....                    h - +0 pair of boots
Stlth   ..........               (no amulet)
HPRegen 0.25/turn                (no ring)
MPRegen 0.08/turn                (no ring)

@: no status effects
A: horns 2, retaliatory headbutt
a: no special abilities


You were on level 2 of the Dungeon.
You visited 1 branch of the dungeon, and saw 2 of its levels.

You collected 87 gold pieces.

Inventory:

Hand Weapons
 a - a +0 war axe (weapon)
Missiles
 i - a throwing net (quivered)
 n - 4 javelins
Armour
 b - a +0 scale mail (worn)
 c - a +0 buckler (worn)
 h - a +0 pair of boots (worn)
Jewellery
 m - an amulet of magic regeneration
Scrolls
 e - 2 scrolls of immolation {unknown}
 f - a scroll of identify {unknown}
 j - a scroll of teleportation {unknown}
Potions
 d - a potion of might
 g - a potion of attraction {unknown}
 k - a potion of haste {unknown}
 l - a potion of heal wounds {unknown}


   Skills:
 - Level 3.6 Fighting
 + Level 3.7 Axes
 - Level 3.6 Armour
 + Level 4.2 Shields


You had 2 spell levels left.
You didn't know any spells.
Your spell library was empty.

Dungeon Overview and Level Annotations

Branches:
Dungeon (2/15)

Altars:


Innate Abilities, Weirdness & Mutations

You have a pair of horns on your head.
You reflexively headbutt those who attack you in melee.


Message History

A hobgoblin comes into view.
You block the kobold's attack.
The gnoll hits you from afar with a +0 halberd.
The goblin attacks as you move away! You block the goblin's attack.
The hobgoblin shouts!
The kobold attacks as you move away! The kobold hits you with a +0 dagger.
The goblin attacks as you move away! The goblin hits you but does no damage.
You closely miss the kobold. The kobold hits you but does no damage.
The gnoll shouts!
You slash the kobold!
You kill the kobold!
You hit the goblin. Your headbutt misses the goblin.
The goblin is moderately wounded.
The gnoll closely misses you. The goblin hits you but does no damage.
The gnoll hits you from afar with a +0 halberd.
The gnoll hits you from afar with a +0 spear.
The gnoll barely misses you. The goblin barely misses you.
You slash the goblin!
You kill the goblin!
The gnoll barely misses you. The gnoll hits you but does no damage.
You have reached level 3!
Your experience leads to an increase in your attributes!
Increase (s)trength, (i)ntelligence, or (d)exterity?
You feel stronger. x2
You hit the hobgoblin.
You kill the hobgoblin!
The gnoll barely misses you. The gnoll closely misses you.
The gnoll hits you but does no damage. The gnoll barely misses you.
The gnoll hits you with a +0 halberd.
Items here: )) ††.
You slash the gnoll!
The gnoll is almost dead.
You hit the gnoll. x2; The gnoll hits you with a +0 spear.
The gnoll hits you with a +0 halberd.
* * * LOW HITPOINT WARNING * * *
The gnoll hits you but does no damage. x2; The gnoll barely misses you.
You furiously retaliate!
You headbutt the gnoll, but do no damage.
The gnoll hits you with a +0 whip.
You die...

#...<...#
#.....(.#
#.......#
#.......#
######..#
#.....#....#
#.....####....#
#....g#####....
#....g@...$....
#....g#######..
#........#
#........#
......##.=##
...... ##.#
##.... #.#
..... ... ###g.
#..


You could see 3 gnolls.

Levels and vault maps discovered:
D:1:      dpeg_arrival_long_road, layout_loops_ring
D:2:      layout_rooms, serial_undead, serial_undead_f, serial_undead_e,
          serial_undead_b, serial_undead_b, serial_shops, nicolae_diamond_shop,
          serial_bayou_lake_a

Notes
Turn   | Place    | Note
-------+----------+-------------------------------------------
     0 | D:1      | tbh1313 the Minotaur Fighter began the quest for the Orb.
     0 | D:1      | Reached XP level 1. HP: 19/19 MP: 0/0
   260 | D:1      | Reached XP level 2. HP: 23/26 MP: 1/1
   708 | D:2      | Reached skill level 4 in Shields
   732 | D:2      | Reached XP level 3. HP: 14/31 MP: 2/2
   734 | D:2      | Slain by a gnoll

Table legend: (Time is in decaauts)
 A = Elapsed time spent in this place.
 B = Non-inter-level travel time spent in this place.
 C = Inter-level travel time spent in this place.
 D = Time resting spent in this place.
 E = Time spent auto-exploring this place.
 F = Levels seen in this place.
 G = Mean time per level.
                   A        B        C        D        E       F      G
               +--------+--------+--------+--------+--------+-----+--------+
         Total |    750 |    717 |     33 |      0 |    582 |   2 |  375.0 |
       Dungeon |    750 |    717 |     33 |      0 |    582 |   2 |  375.0 |
               +--------+--------+--------+--------+--------+-----+--------+

Top non-repeatable levels by time:
     D:1: 715 daAuts
     D:2: 34 daAuts

Table legend:
 A = Kills in this place as a percentage of kills in entire the game.
 B = Kills by you in this place as a percentage of kills by you in the entire game.
 C = Kills by friends in this place as a percentage of kills by friends in the entire game.
 D = Other kills in this place as a percentage of other kills in the entire game.
 E = Experience gained in this place as a percentage of experience gained in the entire game.
 F = Experience gained in this place divided by the number of levels of this place that you have seen.
                   A       B       C       D       E      F
               +-------+-------+-------+-------+-------+----------------------
         Total | 100.0 | 100.0 |   N/A |   N/A | 100.0 |  21.5
       Dungeon | 100.0 | 100.0 |   N/A |   N/A | 100.0 |  21.5
               +-------+-------+-------+-------+-------+----------------------

Action                   || total
-------------------------++-------
Melee: War axe           ||    43
       Headbutt          ||     2
Armor: Scale mail        ||    33
Dodge: Dodged            ||    24
Block: Buckler           ||    10

Vanquished Creatures
  An adder (D:2)
  A ball python (D:1)
  An endoplasm (D:1)
  A giant cockroach (D:1)
  2 goblins
  4 hobgoblins
  2 bats (D:1)
  A frilled lizard (D:1)
  6 kobolds
  A rat (D:1)
20 creatures vanquished.

Vanquished Creatures (others)
  A plant (D:2)
1 creature vanquished.

Grand Total: 21 creatures vanquished
